 Dungeon Crawl Stone Soup version 0.17-a0-1197-g2d00c63 (webtiles) character file.

93 logi0 the Conjurer (level 4, -1/24 HPs)
             Began as a Deep Elf Conjurer on June 2, 2015.
             Was a Follower of Vehumet.
             Killed from afar by Sigmund (9 damage)
             ... with a puff of flame
             ... on level 3 of the Dungeon.
             The game lasted 00:08:41 (1625 turns).

logi0 the Conjurer (Deep Elf Conjurer)              Turns: 1625, Time: 00:08:42

Health: -1/24      AC:  4    Str:  5    XL:     4   Next: 36%
Magic:  4/11       EV: 13    Int: 21    God:    Vehumet [*.....]
Gold:   123        SH:  0    Dex: 15    Spells: 2 memorised, 7 levels left

rFire  . . .     SeeInvis .     v - +1 whip (flame)
rCold  . . .     Clarity  .     a - +0 robe
rNeg   . . .     SustAt   .     (no shield)
rPois  .         Gourm    .     (no helmet)
rElec  .         Spirit   .     (no cloak)
rCorr  .         Warding  .     p - +1 pair of gloves
rMut   .         Stasis   .     (no boots)
MR     .....                    (no amulet)
Stlth  ++........               (no ring)
                                (no ring)

@: not resistant to hostile enchantments, unstealthy
A: no striking features
a: Renounce Religion


You were on level 3 of the Dungeon.
You worshipped Vehumet.
Vehumet was aware of your devotion.
You were not hungry.

You visited 1 branch of the dungeon, and saw 3 of its levels.

You collected 123 gold pieces.

Inventory:

Hand weapons
 v - a +1 whip of flaming (weapon)
Armour
 a - a +0 robe (worn)
 p - a +1 pair of gloves (worn)
Jewellery
 j - an uncursed amulet of resist mutation
 k - an uncursed ring of magical power {unknown}
Magical devices
 g - a wand of magic darts (29)
 w - a wand of teleportation (3)
Scrolls
 q - a scroll of amnesia {unknown}
 r - 2 scrolls of remove curse
 s - 2 scrolls of teleportation {unknown}
 x - a scroll of identify
Potions
 e - a potion of ambrosia {unknown}
 i - a potion of heal wounds {unknown}
 n - a potion of agility {unknown}
 o - a potion of haste {unknown}
 t - a potion of brilliance
Books
 b - a book of Conjurations

   Spells                             Type                      Level
   a - Magic Dart                     Conjuration                  1
   b - Searing Ray                    Conjuration                  2
   c - Dazzling Spray                 Conjuration/Hexes            3
   d - Fulminant Prism                Conjuration/Hexes            4
   e - Iskenderun's Mystic Blast      Conjuration                  4
   f - Iskenderun's Battlesphere      Conjuration/Charms           5
Comestibles
 c - 2 bread rations
 d - 3 meat rations
 f - 2 beef jerkies
 h - 5 fruits
 l - 4 chunks of flesh
 m - a royal jelly


   Skills:
 - Level 2.4 Dodging
 - Level 2.4 Stealth
 + Level 3.5 Spellcasting
 * Level 6.2 Conjurations


You had 7 spell levels left.
You knew the following spells:

 Your Spells              Type           Power        Failure   Level  Hunger
a - Magic Dart            Conj           ####         1%          1    None
b - Searing Ray           Conj           ####..       1%          2    ##.....


Dungeon Overview and Level Annotations

Branches:
Dungeon (3/15)

Altars:
Vehumet
Xom

Annotations:
D:3 Sigmund


Message History

You feel clever all of a sudden. Something hits you but does no damage.
Drink which item? (? for menu, Esc to quit)
It was a potion of cancellation.
Your magical effects are unravelling.
You feel magically purged.
You feel less confused.
You feel a little less clever now.
Casting: Searing Ray
Confirm with . or Enter, or press ? or * to list all spells.
You can't see any susceptible monsters within range! (Use Z to cast anyway.)
Casting: Searing Ray
Confirm with . or Enter, or press ? or * to list all spells.
Aiming: Searing Ray
Press: ? - help, Shift-Dir - straight line The searing ray hits something.
Something barely misses you.
The searing ray hits something.
You hear some strange, mumbled words.
A puff of flame appears from out of thin air!
The puff of flame hits you!
You die...

............รท......#
...............#.#.....
..........<...#.#.#####
###.###>###....###.##
##.## ##......## #.#
##.# #.#####.# #.##
##.## ##.# #.#{
###.###.## #.# #
#......# #@#
#....#.#######.#
###...##......##.#####
#....<...............#
#.#......##.....#..#....
#........###..#.#..# ##
...#.###.###..#.#..#
#..#.###......#.#..#
##.#..##.###.......#


There were no monsters in sight!

Vanquished Creatures
  2 adders
  3 oozes
  2 worms (D:3)
  A giant gecko (D:3)
  4 giant cockroaches
  6 goblins
  4 hobgoblins
  3 jackals (D:2)
  2 quokkas (D:2)
  A ball python (D:2)
  6 bats
  3 giant newts
  9 kobolds
  8 rats
54 creatures vanquished.

Notes
Turn   | Place    | Note
--------------------------------------------------------------
     0 | D:1      | logi0 the Deep Elf Conjurer began the quest for the Orb.
     0 | D:1      | Reached XP level 1. HP: 10/10 MP: 6/6
   170 | D:1      | Reached XP level 2. HP: 13/15 MP: 2/8
   174 | D:1      | Learned a level 2 spell: Searing Ray
   257 | D:1      | Reached skill level 5 in Conjurations
   569 | D:2      | Reached XP level 3. HP: 12/19 MP: 0/9
   683 | D:2      | Found a radiant altar of Vehumet.
   690 | D:2      | Became a worshipper of Vehumet
   980 | D:2      | Found a shimmering altar of Xom.
  1116 | D:2      | You fall through a shaft!
  1120 | D:3      | Reached skill level 6 in Conjurations
  1120 | D:3      | Reached XP level 4. HP: 17/24 MP: 2/11
  1508 | D:3      | Acquired Vehumet's first power
  1508 | D:3      | Offered knowledge of Freeze by Vehumet.
  1614 | D:3      | Noticed Sigmund
  1625 | D:3      | Killed from afar by Sigmund

Vault maps used:
D:1:      shiori_arrival_maze, hex_medium
D:2:      overflow_temple_1_default, overflow_temple_1_default,
          minmay_misc_feat_alley, nicolae_underground_beach
D:3:      st_stairs_3, minmay_stone_trees_medium, uniq_sigmund

Action                   |  1- 3 |  4- 6 || total
-------------------------+-------+-------++-------
Melee: Short sword       |     7 |     4 ||    11
       Whip              |       |     2 ||     2
 Cast: Magic Dart        |    65 |    27 ||    92
       Searing Ray       |     2 |     5 ||     7
  Use: Scroll            |     4 |       ||     4
       Potion            |       |     2 ||     2
  Eat: Chunk             |       |     2 ||     2
